 Dungeon Crawl Stone Soup version 0.29-a0-221-gceb61267dd (console) character file.

Game seed: 11480638619682710516

33847 jejorda2 the Markstengu (level 13, 0/80 HPs)
             Began as a Tengu Hunter on Feb 26, 2022.
             Was the Champion of Okawaru.
             Slain by a spriggan rider
             ... wielding a +0 spear
              (12 damage)
             ... on level 6 of the Lair of Beasts.
             The game lasted 00:44:41 (16601 turns).

jejorda2 the Markstengu (Tengu Hunter)             Turns: 16601, Time: 00:44:41

Health: 0/80       AC: 14    Str: 17    XL:     13   Next: 73%
Magic:  19/19      EV: 21    Int:  9    God:    Okawaru [******]
Gold:   612        SH:  0    Dex: 24    Spells: 12/12 levels left

rFire   + . .      SeeInvis .   a - +7 shortbow {speed, Str+5}
rCold   + . .      Faith    +   (shield currently unavailable)
rNeg    . . .      Spirit   .   s - +4 ring mail {rC+}
rPois   .          Reflect  .   (helmet restricted)
rElec   .          Harm     .   (no cloak)
rCorr   .          Rampage  .   G - +0 pair of gloves of the Everdark {Will+ Int-4 Dex+5}
Will    +....                   (boots unavailable)
Stlth   +++.......              c - amulet of faith
HPRegen 0.23/turn               w - ring of protection from fire
MPRegen 0.16/turn               y - +4 ring of protection

@: flying quickly and evasively, slowed, very slow
A: beak, talons 3, nimble flight
a: Renounce Religion, Heroism, Finesse, Duel


You were on level 6 of the Lair of Beasts.
You worshipped Okawaru.
Okawaru was exalted by your worship.
You visited 3 branches of the dungeon, and saw 15 of its levels.

You collected 1074 gold pieces.
You spent 462 gold pieces at shops.

Inventory:

Hand Weapons
 a - the +7 shortbow of Eternal Harmony (weapon) {speed, Str+5}
   (You found it on level 7 of the Dungeon)

   Attacks with this weapon are significantly faster.
   Str:       It affects your strength (+5).
 b - a +1 longbow of freezing
 l - a +0 longbow of flaming
Missiles
 x - a curare-tipped dart
Armour
 s - a +4 ring mail of cold resistance (worn)
 G - the +0 pair of gloves of the Everdark (worn) {Will+ Int-4 Dex+5}
   (Okawaru gifted it to you on level 5 of the Lair of Beasts)

   Int:       It affects your intelligence (-4).
   Dex:       It affects your dexterity (+5).
   Will:      It increases your willpower.
Jewellery
 c - an amulet of faith (around neck)
 w - a ring of protection from fire (left hand)
 y - a +4 ring of protection (right hand)
 B - a ring of willpower
Wands
 A - a wand of digging (3)
 E - a wand of polymorph (13)
 F - a wand of flame (15)
Scrolls
 g - a scroll of silence
 h - 5 scrolls of teleportation
 i - a scroll of holy word
 j - 2 scrolls of enchant weapon
 k - 2 scrolls of fear
 o - 5 scrolls of fog
 r - 3 scrolls of identify
Potions
 d - 3 potions of haste
 e - 2 potions of lignification
 f - 11 potions of curing
 m - 3 potions of ambrosia
 n - 2 potions of might
 p - 3 potions of heal wounds
 q - a potion of resistance
 z - 3 potions of mutation


   Skills:
 - Level 9.0 Fighting
 + Level 19.5 Bows
 - Level 2.0 Armour
 - Level 9.0 Dodging
 - Level 5.0 Stealth
 - Level 7.0 Invocations


You had 12 spell levels left.
You didn't know any spells.
Your spell library contained the following spells:

 Spells                   Type           Power      Damage    Failure   Level
 Beastly Appendage        Tmut           0%         N/A       58%         1
 Foxfire                  Conj/Fire      0%         2x1d4     58%         1
 Magic Dart               Conj           0%         1d3       58%         1
 Corpse Rot               Necr/Air       0%         N/A       73%         2
 Ensorcelled Hibernation  Hex/Ice        0%         N/A       73%         2
 Searing Ray              Conj           0%         2d4       73%         2
 Static Discharge         Conj/Air       0%         N/A       73%         2
 Wereblood                Tmut           0%         N/A       73%         2
 Conjure Flame            Conj/Fire      0%         6-21      91%         3
 Dazzling Flash           Conj/Hex       0%         N/A       91%         3
 Inner Flame              Hex/Fire       0%         N/A       91%         3
 Spider Form              Tmut/Pois      0%         N/A       91%         3
 Anguish                  Hex/Necr       0%         N/A       100%        4
 Dispel Undead            Necr           0%         3d6       100%        4
 Flame Wave               Conj/Fire      0%         2d4       100%        4
 Fulminant Prism          Conj/Hex       0%         3d6       100%        4
 Iskenderun's Mystic Bla  Conj/Tloc      0%         2d3       100%        4
 Sticky Flame             Conj/Fire      0%         2d3       100%        4
 Dispersal                Tloc           0%         N/A       100%        6
 Starburst                Conj/Fire      0%         6d3       100%        6
 Orb of Destruction       Conj           0%         9d5       100%        7
 Disjunction              Tloc           0%         N/A       100%        8
 Summon Guardian Golem    Hex/Summ       Unusable   N/A       N/A         3
 Death Channel            Necr           Unusable   N/A       N/A         6
 Spellforged Servitor     Conj/Summ      Unusable   N/A       N/A         7

Dungeon Overview and Level Annotations

Branches:
Dungeon (8/15)             Temple (1/1) D:7            Lair (6/6) D:8
  Swamp (0/4) Lair:4        Snake (0/4) Lair:2        Slime (0/5) Lair:5

Altars:
Dithmenos
Elyvilon
Fedhas
Gozag
Hepliaklqana
Kikubaaqudgha
Makhleb
Nemelex Xobeh
Okawaru
Qazlal
Ru
Trog
Uskayaw
Vehumet
Wu Jian
Xom
Yredelemnul
Zin
The Shining One
Beogh
Jiyva

Shops:
D:5 *

Annotations:
Lair:1 1 runed translucent door, exclusion: door, Juaxitin's ghost, novice GrFi


Innate Abilities, Weirdness & Mutations

You have a beak for a mouth.
You have claws for feet.
Your magical nature lets you fly swiftly and evasively.


Message History

A wolf comes into view.
You hear some strange, mumbled words.
The spriggan rider hits you from afar with a +0 spear!
The wolf howls!
You shoot an arrow. The arrow hits the spriggan rider!
The spriggan rider is severely wounded.
You hear some strange, mumbled words.
Aiming: Iceblast
Press: ? - help, Shift-Dir - straight line, f/p - spriggan rider
Aim: a spriggan rider, wielding a +0 spear (severely wounded)
The mass of ice explodes!
The iceblast engulfs the spriggan rider!
The spriggan rider is almost dead.
The iceblast engulfs the cane toad!
The cane toad is moderately wounded.
You hear a trumpeting!
You hear a howl! x2
The spriggan rider hits you from afar with a +0 spear!!
Being near the torpor snail leaves you feeling lethargic.
A wolf comes into view.
Aiming: Iceblast
Press: ? - help, Shift-Dir - straight line, p - spriggan rider The mass of ice explodes!
The iceblast engulfs the cane toad.
The cane toad is heavily wounded.
The iceblast engulfs the spriggan rider!
The spriggan rider is almost dead.
The now-empty wand crumbles to dust.
The spriggan rider barely misses you.
The spriggan rider hits you from afar with a +0 spear!
The cane toad barely misses you.
A wolf comes into view.
The spriggan rider closely misses you. The cane toad stings you!
The spriggan rider closely misses you.
Okay, then.
The spriggan rider misses you. The cane toad completely misses you.
The spriggan rider hits you from afar with a +0 spear!!
* * * LOW HITPOINT WARNING * * *
The cane toad closely misses you. The spriggan rider closely misses you.
The cane toad misses you.
The spriggan rider hits you from afar with a +0 spear!
You die...

♣....♣.♣♣ ♣♣.##.## . ....♣♣♣♣..♣♣
♣....... .. ♣.♣ ♣♣..♣♣♣......#
[..♣♣ ♣ ♣♣.♣♣....#### ♣...♣♣
♣♣♣.♣♣...P###. ♣.)h.♣♣
♣..♣♣♣....#...
♣Yhh.♣♣♣♣♣♣♣♣♣♣♣).♣♣♣....##..
♣.Y♣♣....♣♣†)♣♣♣♣.........
♣♣♣w....F@†♣♣♣ ♣♣.....#... ♣♣♣♣♣♣
♣♣...i.†.♣ ♣.....P#... .)...♣♣♣♣
♣.....♣♣♣♣♣♣♣..........
........♣♣♣♣..)♣♣♣♣♣.............
.........♣♣♣♣♣♣♣♣♣...............
..........♣♣♣♣♣♣♣................
.<...........♣.....^.............
.................................
...#.P.....#....#..###...........


You could see a spriggan rider, a torpor snail (summoned), a yak (summoned) and
a cane toad (summoned).

Vanquished Creatures
  A boulder beetle (Lair:6)
  A catoblepas (Lair:5)
  5 hydras
  5 death yaks (Lair:5)
  2 bog bodies (Lair:4)
  A lindwurm (Lair:4)
  A deep elf pyromancer (D:7)
  6 elephants
  11 cane toads
  8 komodo dragons
  2 rime drakes
  6 polar bears
  Grinder (D:5)
  7 dream sheep
  4 blink frogs (Lair:1)
  4 spriggans
  6 basilisks
  4 wyverns
  22 yaks
  4 nagas (Lair:2)
  2 acid dragons
  13 water moccasins
  3 orc warriors (D:8)
  10 black bears
  An ice beast (D:5)
  2 sky beasts
  A boggart (Lair:6)
  3 centaurs
  2 ogres
  21 wolves
  3 phantoms
  A kobold brigand (D:7)
  13 bullfrogs
  2 scorpions
  A gnoll sergeant (D:5)
  6 killer bees (D:7)
  9 wights
  2 electric eels (Lair:2)
  4 orc priests
  2 jellies
  A gnoll shaman (D:7)
  8 hounds
  An iguana (D:4)
  3 orc wizards
  7 hell rats (Lair:4)
  A statue (D:4)
  5 adders
  12 gnolls
  2 shadow imps
  2 white imps
  2 ufetubi
  A worm (D:2)
  2 dart slugs (D:2)
  37 orcs
  6 ball pythons
  4 endoplasms
  5 giant cockroaches (D:1)
  7 goblins
  5 hobgoblins
  3 jackals
  5 quokkas
  4 bats
  A frilled lizard (D:3)
  10 kobolds
  3 rats
339 creatures vanquished.

Vanquished Creatures (collateral kills)
  2 wights (D:4)
2 creatures vanquished.

Vanquished Creatures (others)
  18 fungi
  12 plants
30 creatures vanquished.

Grand Total: 371 creatures vanquished

Notes
Turn   | Place    | Note
-------+----------+-------------------------------------------
     0 | D:1      | jejorda2 the Tengu Hunter began the quest for the Orb.
     0 | D:1      | Reached XP level 1. HP: 12/12 MP: 2/2
    54 | D:1      | Reached XP level 2. HP: 17/17 MP: 3/3
   485 | D:1      | Reached XP level 3. HP: 21/21 MP: 4/4
   834 | D:2      | Found a faded altar of an unknown god.
   878 | D:2      | Reached skill level 5 in Bows
  1414 | D:3      | Reached XP level 4. HP: 27/27 MP: 5/5
  1439 | D:3      | Found a blossoming altar of Fedhas.
  1614 | D:3      | Noticed an ogre
  2198 | D:3      | Identified the +1 robe of Ryaqemmu {Str+4}
  2554 | D:4      | Gained mutation: Your magical nature lets you fly swiftly
                  | and evasively. [Tengu growth]
  2554 | D:4      | Reached XP level 5. HP: 9/32 MP: 2/6
  2795 | D:4      | Reached skill level 6 in Bows
  2795 | D:4      | Reached XP level 6. HP: 37/37 MP: 7/7
  3303 | D:4      | Found a radiant altar of Vehumet.
  3538 | D:4      | Found a burning altar of Makhleb.
  3602 | D:5      | Entered Level 5 of the Dungeon
  3609 | D:5      | Noticed Grinder
  3944 | D:5      | Noticed a sky beast
  4156 | D:5      | Paralysed by Grinder for 3 turns
  4170 | D:5      | Killed Grinder
  4171 | D:5      | Reached skill level 7 in Bows
  4171 | D:5      | Reached XP level 7. HP: 43/43 MP: 8/8
  4291 | D:5      | Reached XP level 8. HP: 25/48 MP: 4/9
  4519 | D:5      | Reached skill level 8 in Bows
  4519 | D:5      | Reached skill level 5 in Dodging
  4565 | D:5      | Noticed a wyvern
  4611 | D:5      | Reached skill level 1 in Armour
  4698 | D:5      | Reached skill level 5 in Fighting
  4819 | D:5      | Killed a wyvern
  4820 | D:5      | Reached skill level 9 in Bows
  4887 | D:5      | Found Nebam's General Store.
  4895 | D:5      | Bought a potion of ambrosia for 112 gold pieces
  5187 | D:6      | Reached skill level 10 in Bows
  5313 | D:6      | Found an opulent altar of Gozag.
  5408 | D:6      | Reached XP level 9. HP: 54/54 MP: 10/10
  5525 | D:6      | Found a hide-covered altar of Uskayaw.
  5879 | D:6      | Reached skill level 11 in Bows
  5960 | D:6      | Found a glowing silver altar of Zin.
  6041 | D:6      | Found a white marble altar of Elyvilon.
  6813 | D:7      | Identified the +7 shortbow of Eternal Harmony {speed,
                  | Str+5}
  6930 | D:7      | Reached skill level 12 in Bows
  6930 | D:7      | Reached skill level 5 in Stealth
  7208 | D:7      | Found a staircase to the Ecumenical Temple.
  7215 | Temple   | Entered the Ecumenical Temple
  7784 | D:7      | Found a glowing golden altar of the Shining One.
  8238 | D:7      | Noticed a deep elf pyromancer
  8255 | D:7      | Killed a deep elf pyromancer
  8256 | D:7      | Reached skill level 13 in Bows
  8256 | D:7      | Reached XP level 10. HP: 59/59 MP: 11/11
  8360 | D:8      | Found an iron altar of Okawaru.
  8404 | D:8      | Became a worshipper of Warmaster Okawaru
  8449 | D:8      | Found a sacrificial altar of Ru.
  8592 | D:8      | Reached skill level 1 in Invocations
  8779 | D:8      | Found a staircase to the Lair.
  8919 | D:8      | Reached * piety under Okawaru
  8920 | D:8      | Reached skill level 14 in Bows
  9493 | D:5      | Bought a ring of protection from fire for 350 gold pieces
  9551 | Lair:1   | Entered Level 1 of the Lair of Beasts
  9579 | Lair:1   | Reached ** piety under Okawaru
  9677 | Lair:1   | Noticed a cane toad
  9683 | Lair:1   | Killed a cane toad
  9781 | Lair:1   | Reached XP level 11. HP: 52/64 MP: 14/14
  9783 | Lair:1   | Reached *** piety under Okawaru
 10037 | Lair:1   | Identified the +0 pair of boots of Watchfulness {rF+}
 10180 | Lair:1   | Reached skill level 15 in Bows
 10447 | Lair:1   | Noticed a death yak
 10514 | Lair:1   | You are sucked into a shaft and drop 1 floor!
 10521 | Lair:2   | Reached **** piety under Okawaru
 10567 | Lair:2   | Noticed a six-headed hydra
 10575 | Lair:2   | Killed a six-headed hydra
 10927 | Lair:2   | Noticed a seven-headed hydra
 10935 | Lair:2   | Killed a seven-headed hydra
 10935 | Lair:2   | Reached ***** piety under Okawaru
 11030 | Lair:2   | Received a gift from Okawaru
 11178 | Lair:2   | Found a staircase to the Snake Pit.
 11603 | Lair:3   | Received a gift from Okawaru
 11795 | Lair:3   | Reached skill level 5 in Invocations
 11841 | Lair:3   | Reached skill level 16 in Bows
 11845 | Lair:3   | Reached XP level 12. HP: 72/72 MP: 11/16
 11860 | Lair:3   | Received a gift from Okawaru
 11939 | Lair:1   | Noticed Juaxitin's ghost (novice GrFi)
 11939 | Lair:1   | Found a runed translucent door.
 12329 | Lair:1   | Received a gift from Okawaru
 12329 | Lair:1   | Found the +6 arbalest "Damnation" {damnation}
 13153 | Lair:4   | Found a staircase to the Swamp.
 13523 | Lair:4   | Received a gift from Okawaru
 13673 | Lair:4   | Noticed a four-headed hydra
 13681 | Lair:4   | Killed a four-headed hydra
 13984 | Lair:4   | Noticed an eight-headed hydra
 13994 | Lair:4   | Killed an eight-headed hydra
 14455 | Lair:5   | Reached ****** piety under Okawaru
 14456 | Lair:5   | Reached skill level 17 in Bows
 14538 | Lair:5   | Identified the +0 pair of gloves of the Everdark {Will+
                  | Int-4 Dex+5} (Okawaru gifted it to you on level 5 of the
                  | Lair of Beasts)
 14538 | Lair:5   | Received a gift from Okawaru
 14554 | Lair:5   | Reached XP level 13. HP: 80/80 MP: 19/19
 14890 | Lair:5   | Reached skill level 18 in Bows
 15261 | Lair:5   | Found a viscous altar of Jiyva.
 15261 | Lair:5   | Found a staircase to the Slime Pits.
 15313 | Lair:5   | Identified the +8 long sword "Sough" {vorpal, Int+7 Stlth+}
 15492 | Lair:6   | Entered Level 6 of the Lair of Beasts
 15525 | Lair:5   | Received a gift from Okawaru
 16046 | Lair:5   | Reached skill level 19 in Bows
 16532 | Lair:6   | Received a gift from Okawaru
 16601 | Lair:6   | Slain by a spriggan rider

Illustrated notes

Levels and vault maps discovered:
D:1:      saegor_arrival_simple_b, layout_loops_cross
D:2:      layout_basic, ebering_ecumenical_altar_webs, minmay_octomino_c4
D:3:      layout_loops_corners, fedhas_altar_2, amcnicky_mini_pool_small
D:4:      layout_rooms, vehumet_statue, marbit_many_paths
D:5:      cheibrodos_helix_gallery, layout_rooms, serial_shops,
          nicolae_shop_waterfront, uniq_grinder
D:6:      layout_loops_ring, pdpol_temple_overflow_zin_treasury_gozag_greed,
          general_overflow_altar, lemuel_coloured_pillars_altar, minivault_14
D:7:      hangedman_cross_stitches, layout_gridville,
          mainiacjoe_overflow_small_starburst, minmay_temple_entry_nine_rooms,
          kennysheep_nub
D:8:      layout_loops_ring, mainiacjoe_overflow_concentric_impassable,
          okawaru_trees_2, special_room [special_room_orc],
          kennysheep_generic_room_3
Temple:   jpeg_temple_island
Lair:1:   layout_roguey, ebering_ghost_inner_flame, minmay_shattered_shrine
Lair:2:   layout_regular_city, guppyfry_snake_entry_garden,
          gammafunk_lair_bear_cave, grunt_megastairs_5, lemuel_fruit_tree,
          serial_bayou_shore_a
Lair:3:   layout_cave_shapes, forest_entry_grove
Lair:4:   layout_roguey, skrybe_swamp_entry_bodies
Lair:5:   layout_regular_city, slime_altar_1
Lair:6:   minmay_lair_end_enchanted_forest, layout_regular_city,
          grunt_megastairs_2

Skill      XL: |  1  2  3  4  5  6  7  8  9 10 11 12 13 |
---------------+----------------------------------------+-----
Bows           | 5 6 7 10 13 14 16 17 19 | 19.5
Stealth        | 2 3 5 |  5.0
Dodging        | 3 4 5 7 9 |  9.0
Fighting       | 3 4 5 7 8 9 |  9.0
Armour         | 2 |  2.0
Invocations    | 3 5 7 |  7.0

Action                   |  1- 3 |  4- 6 |  7- 9 | 10-12 | 13-15 || total
-------------------------+-------+-------+-------+-------+-------++-------
Melee: Shortbow          |       |       |       |       |     1 ||     1
       Peck              |       |       |       |       |     1 ||     1
 Fire: Shortbow          |    89 |    98 |   325 |   715 |   308 ||  1535
Throw: Boomerang         |       |       |     2 |       |     1 ||     3
       Dart              |       |       |       |       |     1 ||     1
Invok: Finesse           |       |       |       |     2 |     1 ||     3
       Heroism           |       |       |       |     1 |       ||     1
Evoke: Wand              |       |       |     1 |       |     9 ||    10
  Use: Scroll            |       |    13 |     2 |     5 |       ||    20
       Potion            |       |       |     4 |       |       ||     4
Armor: Leather armour    |     6 |       |       |       |       ||     6
       Robe              |       |     9 |    20 |     6 |       ||    35
       Skin              |       |       |     1 |       |       ||     1
       Ring mail         |       |       |       |    26 |    25 ||    51
Dodge: Dodged            |    17 |    52 |   114 |    93 |    63 ||   339

Table legend: (Time is in decaauts)
 A = Elapsed time spent in this place.
 B = Non-inter-level travel time spent in this place.
 C = Inter-level travel time spent in this place.
 D = Time resting spent in this place.
 E = Time spent auto-exploring this place.
 F = Levels seen in this place.
 G = Mean time per level.
                   A        B        C        D        E       F      G
               +--------+--------+--------+--------+--------+-----+--------+
         Total |  15424 |  14526 |    898 |   1871 |  10515 |  15 | 1028.3 |
       Dungeon |   8808 |   8176 |    632 |    958 |   6006 |   8 | 1101.0 |
        Temple |    441 |    425 |     16 |      0 |    421 |   1 |  441.0 |
          Lair |   6175 |   5926 |    249 |    913 |   4087 |   6 | 1029.2 |
               +--------+--------+--------+--------+--------+-----+--------+

Top non-repeatable levels by time:
     D:4: 1788 daAuts
     D:6: 1404 daAuts
  Lair:1: 1308 daAuts
  Lair:5: 1235 daAuts
     D:7: 1222 daAuts
  Lair:2: 1119 daAuts
  Lair:4: 1110 daAuts
     D:8: 1054 daAuts
     D:5: 1019 daAuts
     D:3: 1018 daAuts
  Lair:3: 777 daAuts
     D:2: 715 daAuts
  Lair:6: 625 daAuts
     D:1: 585 daAuts
  Temple: 441 daAuts
